 Dungeon Crawl Stone Soup version 0.17-a0-1572-g7a1422d (webtiles) character file.

70 urechis the Skirmisher (level 4, -9/49 HPs)
             Began as an Ogre Fighter on July 25, 2015.
             Mangled by a worm (12 damage)
             ... on level 2 of the Dungeon.
             The game lasted 00:02:36 (1281 turns).

urechis the Skirmisher (Ogre Fighter)               Turns: 1281, Time: 00:02:37

Health: -9/49      AC:  3    Str: 22    XL:     4   Next: 21%
Magic:  4/4        EV:  8    Int: 12    God:
Gold:   12         SH:  9    Dex:  9    Spells: 0 memorised, 3 levels left

rFire  . . .     SeeInvis .     a - +0 flail
rCold  . . .     Clarity  .     b - +0 robe
rNeg   . . .     SustAt   +     c - +0 shield
rPois  .         Gourm    .     (helmet restricted)
rElec  .         Spirit   .     (no cloak)
rCorr  .         Warding  .     (gloves unavailable)
rMut   .         Stasis   .     (boots unavailable)
MR     .....                    (no amulet)
Stlth  +.........               (no ring)
                                g - ring of sustain attributes (curse)

@: brilliant, lethally poisoned (-9 -> -9), flying, not resistant to hostile
enchantments, very unstealthy
A: unfitting armour, tough skin 1
a: no special abilities


You were on level 2 of the Dungeon.
You were not hungry.

You visited 1 branch of the dungeon, and saw 2 of its levels.

You collected 12 gold pieces.

Inventory:

Hand weapons
 a - a +0 flail (weapon)
Armour
 b - a +0 robe (worn)
 c - a +0 shield (worn)
Jewellery
 g - a cursed ring of sustain attributes (left hand)
Scrolls
 i - 2 scrolls of remove curse {unknown}
 j - a scroll of enchant armour {unknown}
 m - a scroll of enchant weapon {unknown}
Potions
 d - a potion of might
 f - 2 potions of brilliance
 k - a potion of magic {unknown}
Comestibles
 e - 2 bread rations
 l - 2 fruits


   Skills:
 + Level 4.9 Fighting
 + Level 3.9 Maces & Flails
 - Level 2.6 Dodging
 * Level 3.4 Shields


You had 3 spell levels left.
You didn't know any spells.

Dungeon Overview and Level Annotations

Branches:
Dungeon (2/15)

Altars:
Kikubaaqudgha
Xom

Annotations:
D:2 Jessica


Innate Abilities, Weirdness & Mutations

You are too large for most types of armour.
You have tough skin (AC +1).


Message History

Your shield prevents you from hitting Jessica.
Jessica is moderately wounded.
You block Jessica's attack. The worm bites you.
You barely miss Jessica.
Jessica is lightly wounded.
Jessica hits you. The worm bites you. Jessica gestures at you while chanting.
Pain shoots through your body!
* * * LOW HITPOINT WARNING * * *
You are too injured to fight recklessly!
Drink which item? (? for menu, Esc to quit)
It was a potion of brilliance.
You feel clever all of a sudden.
Jessica very coldly says, "I hate your company."
You block Jessica's attack.
Drink which item? (? for menu, Esc to quit)
It was a potion of flight.
You feel very buoyant.
You fly up into the air.
You feel sick. The worm bites you!
You die...

.#.......).# .#<...######
......### ........#
........# #######
........# #.....###.
##....### ##.........
#....# ##P.@w..$... #....#
#.P.@P...... ###.#.#
#....#...... ...(#.#
##...###..... ###.#.####
#............
##)......###.P............
#..##.##.....##.._..##....
..
...##.######.#.......#...#
..# #(.##.#
#.#########...# ##..#
#...#.# #.. ...##...#


You could see a worm and Jessica.

Vanquished Creatures
  2 adders (D:2)
  2 worms (D:2)
  A giant gecko (D:1)
  2 giant cockroaches
  6 hobgoblins
  3 jackals (D:2)
  5 bats
  9 giant newts
  6 goblins
  7 kobolds
  5 rats
48 creatures vanquished.

Notes
Turn   | Place    | Note
--------------------------------------------------------------
     0 | D:1      | urechis the Ogre Fighter began the quest for the Orb.
     0 | D:1      | Reached XP level 1. HP: 24/24 MP: 1/1
   129 | D:1      | Reached XP level 2. HP: 16/32 MP: 2/2
   589 | D:2      | Reached XP level 3. HP: 13/40 MP: 3/3
  1176 | D:2      | Found a shimmering altar of Xom.
  1254 | D:2      | Found an ancient bone altar of Kikubaaqudgha.
  1260 | D:2      | Noticed Jessica
  1261 | D:2      | Reached XP level 4. HP: 46/49 MP: 4/4
  1281 | D:2      | Mangled by a worm

Vault maps used:
D:1:      minmay_arrival_semitransparent, minmay_misc_feat_roman
D:2:      lemuel_doored_altar, kiku_gazebo_garden_becter, grunt_decor_fettered,
          minmay_newt_pond, uniq_jessica

Action                   |  1- 3 |  4- 6 || total
-------------------------+-------+-------++-------
Melee: Flail             |   126 |    16 ||   142
  Use: Potion            |       |     2 ||     2
  Eat: Chunk             |     1 |       ||     1
